 Dungeon Crawl Stone Soup version 0.23.2-1-ga50397a (webtiles) character file.

Game seed: 1768103798413539609

15957 troglodite the Protected (level 12, -6/94 HPs)
             Began as a Demonspawn Berserker on May 6, 2019.
             Was a Priest of Trog.
             Killed by divine providence
             ... invoked by an orc priest
              (14 damage)
             ... on level 2 of the Orcish Mines.
             The game lasted 00:47:28 (14249 turns).

troglodite the Protected (Demonspawn Berserker)    Turns: 14249, Time: 00:47:29

Health: -6/94      AC: 34    Str: 23    XL:     12   Next: 5%
Magic:  12/12      EV: 14    Int:  8    God:    Trog [***...]
Gold:   791        SH: 13    Dex: 21    Spells: 11/11 levels left

rFire    + . .     SeeInvis .   m - +4 scimitar (flame)
rCold    + . .     Gourm    .   V - +1 shield {AC+3}
rNeg     + . .     Faith    .   T - +0 plate armour {rF+}
rPois    +         Spirit   .   Y - +5 helmet of Hedonism {Dex+6}
rElec    +         Reflect  .   D - +2 cloak
rCorr    .         Harm     .   H - +0 pair of gloves
MR       +....                  S - +2 pair of boots of Odwi Xiy {rElec rPois}
Stlth    ..........             i - amulet of Nesch {RegenMP rPois Str+7 Dex-3}
HPRegen  0.25/turn              y - +4 ring of evasion
MPRegen  0.38/turn              w - ring of Qaoru {rPois rN+ MR+ Str-2}

@: lightly drained
A: hooves 2, molten scales 2, cold resistance 1, spiny 1, freezing cloud
immunity
a: Berserk, Trog's Hand, Renounce Religion


You were on level 2 of the Orcish Mines.
You worshipped Trog.
Trog was most pleased with you.
You were not hungry.

You visited 2 branches of the dungeon, and saw 14 of its levels.
You also visited: Trove and Sewer.

You collected 791 gold pieces.

Inventory:

Hand Weapons
 a - a +0 falchion
 m - a +4 scimitar of flaming (weapon)
 o - a +5 scimitar of protection
Armour
 h - a +2 shield
 D - a +2 cloak (worn)
 H - a +0 pair of gloves (worn)
 S - the +2 pair of boots of Odwi Xiy (worn) {rElec rPois}
   (You found it in a treasure trove)

   It insulates you from electricity.
   It protects you from poison.
 T - a +0 plate armour of fire resistance (worn)
 U - a scarf of cloud immunity
 V - a +1 shield of protection (worn)
 W - a scarf of repulsion
 X - a +0 crystal plate armour
 Y - the +5 helmet of Hedonism (worn) {Dex+6}
   (You found it in a treasure trove)

   It affects your dexterity (+6).
Jewellery
 g - an uncursed ring of poison resistance
 i - the amulet of Nesch (around neck) {RegenMP rPois Str+7 Dex-3}
   (You acquired it on level 10 of the Dungeon)

   [amulet of magic regeneration]

   It increases your magic regeneration.
   It affects your strength (+7).
   It affects your dexterity (-3).
   It protects you from poison.
 n - a +4 ring of strength
 s - an uncursed ring of stealth
 w - the ring of Qaoru (right hand) {rPois rN+ MR+ Str-2}
   (You acquired it on level 10 of the Dungeon)

   [ring of protection from magic]

   It affects your strength (-2).
   It protects you from poison.
   It protects you from negative energy.
   It affects your resistance to hostile enchantments.
 y - a +4 ring of evasion (left hand)
 z - an uncursed ring of positive energy
 E - an uncursed ring of see invisible
 Q - an uncursed ring of magical power
Scrolls
 b - a scroll of magic mapping
 d - 11 scrolls of remove curse
 j - a scroll of teleportation
 r - a scroll of blinking
 O - a scroll of fear
Potions
 e - 3 potions of brilliance
 f - a potion of might
 k - 2 potions of flight
 l - a potion of berserk rage
 p - 3 potions of heal wounds
 q - a potion of lignification
 u - a potion of invisibility
 A - 3 potions of magic
 C - 5 potions of curing
 F - a potion of agility {unknown}
 K - a potion of haste {unknown}
 M - a potion of ambrosia {unknown}
Comestibles
 c - 17 rations


   Skills:
 * Level 8.5(8.2) Fighting
 + Level 9.3(9.0) Long Blades
 * Level 9.5(9.2) Armour
 * Level 7.3(7.1) Dodging
 - Level 1.0(0.8) Stealth
 * Level 8.0(7.7) Shields


You had 11 spell levels left.
You didn't know any spells.
Your spell library was empty.

Dungeon Overview and Level Annotations

Branches:
Dungeon (12/15)            Temple (0/1) D:5            Lair (0/6) D:10
    Orc (2/2) D:10            Elf (0/3) Orc:2

Altars:
Hepliaklqana
Nemelex Xobeh
Okawaru
Qazlal
Sif Muna
Trog
Wu Jian
Xom
Yredelemnul
Zin

Shops:
Orc:2 [*

Annotations:
D:7 Prince Ribbit
Orc:1 3 runed translucent doors, Sezxuec's ghost, journeyman MiMo
Orc:2 Josephine


Innate Abilities, Weirdness & Mutations

You have hoof-like feet.
You are mostly covered in molten scales. (AC +3)
Your flesh is cold resistant. (rC+)
You are partially covered in sharp spines.
You are immune to freezing clouds.


Message History

The orc high priest calls upon Beogh to heal the orc priest.
The orc priest's wounds heal themselves!
The orc priest looks satisfied for a moment.
The orc priest calls down the wrath of Beogh upon you.
Beogh smites you!
* * * LOW HITPOINT WARNING * * *
The orc high priest prays to Beogh.
The orc priest is struck by your spines.
The orc priest barely misses you.
Found 20 gold pieces.
The orc high priest calls upon Beogh to heal the orc priest.
The orc priest's wounds heal themselves!
The orc priest calls down the wrath of Beogh upon you.
Beogh smites you!
* * * LOW HITPOINT WARNING * * *
An orc wizard comes into view. It is wielding a +0 dagger.
The orc wizard shouts!
You hear a shout! x3
The orc priest mumbles some strange prayers to Beogh against you.
Beogh smites you!
You die...

.............#..
.....#..#.........#
......................##.
..........................
...........$...........#.##
..........................#
.....
............o............#
$....
...........T.o$..........##
#....
..........@ooo.............
.....
.......<.....3............$
.....
............4.o............
.....
.....$.....o...............
.....
....................>......
....
W..........................
.....
..........o................
.....
....######...######....#...
....# ...# ..... ##.......


You could see an orc high priest, an ice devil, a troll, a smoke demon, an orc
warrior, 3 orc priests, 2 orc wizards and an orc.

Vanquished Creatures
  Harold (D:10)
  2 two-headed ogres
  Erica (D:11)
  Sonja (D:10)
  An unseen horror (D:10)
  2 ugly things (D:11)
  A cyclops (D:12)
  A gargoyle (D:12)
  A troll (D:6)
  A hornet (D:11)
  6 slime creatures
  2 hippogriffs
  Sigmund (D:3)
  A spriggan (D:9)
  7 yaks
  A vampire (D:12)
  A wraith (D:10)
  2 wyverns
  Grum (D:11)
  2 hungry ghosts
  A steam dragon (D:10)
  A hornet zombie (D:10)
  4 ice beasts
  6 sky beasts
  A black bear (D:10)
  7 ogres
  5 orc warriors
  3 phantoms
  4 wolves (D:11)
  4 centaurs
  Blork the orc (D:4)
  4 bullfrogs
  2 scorpions
  9 killer bees
  A bullfrog zombie (D:7)
  2 centaur zombies
  5 crimson imps
  A quasit (D:6)
  7 orc priests
  A gnoll shaman (D:8)
  3 hounds
  4 jellies
  3 bullfrog skeletons
  3 centaur skeletons
  7 iguanas
  Natasha (twice) (D:4)
  12 orc wizards
  6 worker ants
  Terence (D:3)
  A hound zombie (D:11)
  A howler monkey skeleton (D:10)
  A worker ant zombie (D:5)
  5 gnolls (D:8)
  2 howler monkey zombies
  13 adders
  3 river rats (D:5)
  3 shadow imps
  3 adder skeletons (D:5)
  8 worms
  A dart slug (D:4)
  3 leopard geckos
  53 orcs
  3 ball pythons (Sewer)
  6 giant cockroaches
  8 goblins
  A hobgoblin (D:2)
  12 jackals
  13 kobolds
  6 quokkas
  10 bats
  5 frilled lizards
  A leopard gecko skeleton (D:5)
  A quokka skeleton (D:6)
  10 rats
  2 plants (Sewer)
321 creatures vanquished.

Vanquished Creatures (others)
  3 plants
3 creatures vanquished.

Grand Total: 324 creatures vanquished

Notes
Turn   | Place    | Note
-------+----------+-------------------------------------------
     0 | D:1      | troglodite the Demonspawn Berserker began the quest for the
                  | Orb.
     0 | D:1      | Reached XP level 1. HP: 18/18 MP: 1/1
   306 | D:1      | Gained mutation: Your flesh is cold resistant. (rC+)
                  | [demonic ancestry]
   306 | D:1      | Reached XP level 2. HP: 24/24 MP: 2/2
   791 | D:2      | Reached XP level 3. HP: 27/29 MP: 3/3
   804 | D:2      | Reached ** piety under Trog
  1088 | D:2      | Found a glowing silver altar of Zin.
  1090 | D:2      | Found a stormy altar of Qazlal.
  1568 | D:2      | Gained mutation: You are partially covered in sharp spines.
                  | [demonic ancestry]
  1568 | D:2      | Reached XP level 4. HP: 35/37 MP: 4/4
  2253 | D:3      | Noticed Terence
  2261 | D:3      | Killed Terence
  2283 | D:3      | Found a hazy altar of Hepliaklqana.
  2388 | D:3      | Noticed Sigmund
  2406 | D:3      | Killed Sigmund
  2406 | D:3      | Reached XP level 5. HP: 33/42 MP: 5/5
  2406 | D:3      | Gained mutation: You are partially covered in molten
                  | scales. (AC +2) [demonic ancestry]
  2406 | D:3      | Reached XP level 6. HP: 38/48 MP: 6/6
  2699 | D:4      | Noticed Blork the orc
  2709 | D:4      | Killed Blork the orc
  3262 | D:4      | Noticed Natasha
  3269 | D:4      | Killed Natasha
  3408 | D:4      | Noticed Natasha
  3419 | D:4      | Killed Natasha
  3433 | D:4      | Gained mutation: You are immune to freezing clouds.
                  | [demonic ancestry]
  3433 | D:4      | Reached XP level 7. HP: 52/55 MP: 7/7
  3770 | D:5      | Entered Level 5 of the Dungeon
  3955 | D:5      | Reached skill level 5 in Fighting
  3958 | D:5      | Reached skill level 5 in Armour
  4117 | D:5      | Found a glowing drain.
  4132 | Sewer    | Entered a sewer
  4312 | Sewer    | Reached *** piety under Trog
  5331 | D:5      | Gained mutation: You are mostly covered in molten scales.
                  | (AC +3) [demonic ancestry]
  5331 | D:5      | Reached XP level 8. HP: 62/62 MP: 8/8
  5480 | D:5      | Found a staircase to the Ecumenical Temple.
  5535 | D:5      | Reached skill level 1 in Stealth
  5867 | D:5      | Reached skill level 5 in Long Blades
  6227 | D:6      | Found a deep blue altar of Sif Muna.
  6291 | D:6      | Noticed a troll
  6303 | D:6      | Killed a troll
  6799 | D:6      | Reached **** piety under Trog
  7364 | D:7      | Gained mutation: You have large cloven feet. [demonic
                  | ancestry]
  7364 | D:7      | Reached XP level 9. HP: 69/69 MP: 9/9
  7668 | D:7      | Found a basalt altar of Yredelemnul.
  7668 | D:7      | Found a shimmering altar of Xom.
  7675 | D:7      | Found an ornate altar of the Wu Jian Council.
  7778 | D:7      | Noticed Prince Ribbit
  8062 | D:7      | Reached skill level 5 in Dodging
  8062 | D:7      | Reached skill level 1 in Shields
  8626 | D:8      | Noticed a two-headed ogre
  8643 | D:8      | Killed a two-headed ogre
  8863 | D:8      | Received a gift from Trog
  8967 | D:8      | Found an iron altar of Okawaru.
  9030 | D:8      | Noticed a moth of wrath
  9033 | D:8      | Found a bloodstained altar of Trog.
  9554 | D:9      | Reached XP level 10. HP: 71/77 MP: 10/10
 10296 | D:9      | Found a sparkling altar of Nemelex Xobeh.
 10424 | D:10     | Entered Level 10 of the Dungeon
 10604 | D:10     | Found a portal to a secret trove of treasure.
 10614 | Trove    | Entered a treasure trove
 10632 | Trove    | Got a pair of warped boots
 10652 | Trove    | Got a steaming helmet
 10699 | Trove    | Identified the +5 helmet of Hedonism {Dex+6} (You found it
                  | in a treasure trove)
 10719 | Trove    | Identified the +2 pair of boots of Odwi Xiy {rElec rPois}
                  | (You found it in a treasure trove)
 10932 | D:10     | Reached * piety under Trog
 10977 | D:10     | Found a staircase to the Orcish Mines.
 11107 | D:10     | Paralysed by an orc for 4 turns
 11119 | D:10     | Noticed a two-headed ogre
 11130 | D:10     | Reached skill level 5 in Shields
 11139 | D:10     | Killed a two-headed ogre
 11321 | D:10     | Killed an unseen horror
 11368 | D:10     | Reached XP level 11. HP: 79/84 MP: 11/11
 11421 | D:10     | Found a staircase to the Lair.
 11479 | D:10     | Noticed Harold
 11492 | D:10     | Killed Harold
 11528 | D:10     | Noticed Sonja
 11541 | D:10     | Killed Sonja
 11565 | D:10     | Identified 2 scrolls of acquirement
 11568 | D:10     | Got a scorched iron amulet
 11569 | D:10     | Identified the amulet of Nesch {RegenMP rPois Str+7 Dex-3}
                  | (You acquired it on level 10 of the Dungeon)
 11573 | D:10     | Got a glittering copper ring
 11575 | D:10     | Identified the ring of Qaoru {rPois rN+ MR+ Str-2} (You
                  | acquired it on level 10 of the Dungeon)
 11988 | D:11     | Noticed a white ugly thing
 11999 | D:11     | Killed a white ugly thing
 12130 | D:11     | Noticed a brown ugly thing
 12144 | D:11     | Killed a brown ugly thing
 12522 | D:11     | Paralysed by a hornet for 3 turns
 12727 | D:11     | Noticed Erica
 12733 | D:11     | Killed Erica
 12834 | D:11     | Noticed Grum
 12850 | D:11     | Killed Grum
 13642 | D:12     | Gained mutation: You have hoof-like feet. [demonic
                  | ancestry]
 13642 | D:12     | Reached XP level 12. HP: 90/94 MP: 12/12
 14072 | Orc:1    | Entered Level 1 of the Orcish Mines
 14175 | Orc:1    | Found a runed translucent gate.
 14175 | Orc:1    | Found a runed translucent gate.
 14175 | Orc:1    | Found a runed translucent gate.
 14176 | Orc:1    | Noticed Sezxuec's ghost (journeyman MiMo)
 14218 | Orc:2    | Entered Level 2 of the Orcish Mines
 14218 | Orc:2    | Found Xeirgh's General Store.
 14218 | Orc:2    | Found Koaqy's Antique Armour Boutique.
 14218 | Orc:2    | Noticed an orc high priest
 14218 | Orc:2    | Noticed an orc high priest
 14225 | Orc:2    | Noticed Josephine
 14225 | Orc:2    | Noticed an orc high priest
 14233 | Orc:2    | Found a staircase to the Elven Halls.
 14242 | Orc:2    | Noticed an orc high priest
 14249 | Orc:2    | Killed from afar by an orc priest

Skill      XL: |  1  2  3  4  5  6  7  8  9 10 11 |
---------------+----------------------------------+-----
Armour         | 2 3 4 5 7 8 9 |  9.5
Dodging        | 2 3 4 5 6 7 |  7.3
Long Blades    | 3 4 5 6 7 9 |  9.3
Fighting       | 4 5 6 7 8 |  8.5
Stealth        | 1 |  1.0
Shields        | 3 6 8 |  8.0

Action                   |  1- 3 |  4- 6 |  7- 9 | 10-12 || total
-------------------------+-------+-------+-------+-------++-------
Melee: Falchion          |   104 |    99 |   623 |   324 ||  1150
       Scimitar          |       |       |       |   231 ||   231
Invok: Berserk           |       |     4 |     8 |     6 ||    18
       Brothers in Arms  |       |       |     1 |       ||     1
  Use: Scroll            |       |       |    13 |    14 ||    27
       Potion            |       |       |     3 |       ||     3
  Eat: Chunk             |     2 |    10 |    17 |    14 ||    43
       Ration            |       |       |     4 |     3 ||     7
Armor: Ring mail         |    26 |       |       |       ||    26
       Animal skin       |     2 |       |       |       ||     2
       Chain mail        |    25 |    40 |   172 |    54 ||   291
       Skin              |       |       |    11 |       ||    11
       Plate armour      |       |       |       |   192 ||   192
Dodge: Dodged            |    71 |    37 |   238 |   193 ||   539
Block: Shield            |       |       |   116 |   342 ||   458
       Rpst.: Falchion   |    24 |     7 |    63 |    32 ||   126
       Scimitar          |       |       |       |    19 ||    19
